 Dungeon Crawl Stone Soup version 0.22-a0-271-gc000056 (webtiles) character file.

23 matakusis the Caller (level 2, 0/15 HPs)
             Began as a Deep Elf Summoner on Mar 11, 2018.
             Killed from afar by Natasha (5 damage)
             ... with a magic dart
             ... on level 2 of the Dungeon.
             The game lasted 00:05:07 (874 turns).

matakusis the Caller (Deep Elf Summoner)             Turns: 874, Time: 00:05:08

Health: 0/15       AC:  2    Str:  5    XL:     2   Next: 75%
Magic:  7/17       EV: 13    Int: 19    God:
Gold:   78         SH:  0    Dex: 15    Spells: 4/7 levels left

rFire    . . .     SeeInvis .   h - +0 dagger
rCold    . . .     Gourm    .   (no shield)
rNeg     . . .     Faith    .   a - +0 robe
rPois    .         Spirit   .   (no helmet)
rElec    .         Reflect  .   (no cloak)
rCorr    +         Harm     .   (no gloves)
MR       .....                  (no boots)
Stlth    ++........             (no amulet)
HPRegen  0.05/turn              e - ring of magical power
MPRegen  0.15/turn              g - ring of resist corrosion

@: no status effects
A: no striking features
a: no special abilities


You were on level 2 of the Dungeon.
You were hungry.

You visited 1 branch of the dungeon, and saw 2 of its levels.

You collected 78 gold pieces.

Inventory:

Hand Weapons
 h - a +0 dagger (weapon)
Missiles
 f - 14 stones (quivered)
Armour
 a - a +0 robe (worn)
Jewellery
 e - a ring of magical power (left hand)
 g - a ring of resist corrosion (right hand)
Comestibles
 c - 2 rations
 d - 2 chunks of flesh


   Skills:
 - Level 2.4 Dodging
 - Level 2.4 Stealth
 + Level 3.4 Spellcasting
 * Level 5.1 Summonings


You had 4 spell levels left.
You knew the following spells:

 Your Spells              Type           Power        Failure   Level  Hunger
a - Summon Small Mammal   Summ           ###.         1%          1    None
b - Call Imp              Summ           ###.....     2%          2    ##.....


Dungeon Overview and Level Annotations

Branches:
Dungeon (2/15)

Altars:

Annotations:
D:2 Natasha


Message History

Your crimson imp blinks!
Natasha claws your crimson imp.
Your crimson imp hits Natasha.
Your crimson imp blinks!
Natasha claws your crimson imp.
Some of the chunks of flesh in your inventory have rotted away.
You are feeling hungry.
Your crimson imp barely misses Natasha.
Your crimson imp blinks!
Natasha claws your white imp!
Your white imp dies!
Casting: Call Imp (safe; 2% risk of failure)
Confirm with . or Enter, or press ? or * to list all spells.
A beastly little devil appears in a puff of frigid air.
Your crimson imp closely misses Natasha.
Natasha wildly gestures.
Natasha shimmers violently.
Natasha stares at you and mumbles some strange words.
The magic dart hits you!
You die...

..# ... #.#
#.##############
#.#<...........##
#.#..............
#5h55............
#####
#..†.............
#o.<#
#...@....).....#
#o###
#..........#+#.#
# #..........#
#.########## #..
###


You could see Natasha, 2 friendly crimson imps and a friendly white imp.

Vanquished Creatures (collateral kills)
  An adder (D:2)
  A dart slug (D:1)
  A leopard gecko (D:1)
  2 giant cockroaches (D:1)
  2 goblins (D:1)
  3 hobgoblins
  6 jackals (D:1)
  4 kobolds
  A ball python (D:1)
  3 bats (D:1)
  2 frilled lizards (D:1)
26 creatures vanquished.

Notes
Turn   | Place    | Note
-------+----------+-------------------------------------------
     0 | D:1      | matakusis the Deep Elf Summoner began the quest for the Orb.
     0 | D:1      | Reached XP level 1. HP: 10/10 MP: 6/6
   533 | D:1      | Reached XP level 2. HP: 14/15 MP: 8/8
   537 | D:1      | Learned a level 2 spell: Call Imp
   673 | D:1      | Reached skill level 5 in Summonings
   845 | D:2      | Noticed Natasha
   859 | D:2      | Noticed a crimson imp
   874 | D:2      | Killed from afar by Natasha

Vault maps used:
D:1:      dpeg_arrival_tiny_i
D:2:      wad_river_or_something, uniq_natasha

Skill      XL: |  1  2 |
---------------+-------+-----
Summonings     | 5 |  5.1
Dodging        | |  2.4
Stealth        | |  2.4
Spellcasting   | |  3.4

Action                   || total
-------------------------++-------
Melee: Dagger            ||    16
       Unarmed           ||     2
 Cast: Summon Small Mamm ||    29
       Call Imp          ||    21
  Use: Potion            ||     1
Armor: Robe              ||     3
Dodge: Dodged            ||    20

Table legend:
 A = Spawn XP
 B = Non-spawn XP
 C = Spawn XP percentage of total XP
 D = Spawn monster count
 E = Non-spawn monster count
 F = Spawn count percentage of total count
 G = Total turns spent on level
                    A         B        C        D         E        F      G
               +---------+---------+-------+---------+---------+-------+---------
         Total |       0 |      34 |   0.0 |       0 |      26 |   0.0 |   874
               +---------+---------+-------+---------+---------+-------+---------
           D:1 |       0 |      25 |   0.0 |       0 |      23 |   0.0 |   808
           D:2 |       0 |       9 |   0.0 |       0 |       3 |   0.0 |    66
               +---------+---------+-------+---------+---------+-------+---------
